 Dungeon Crawl Stone Soup version 0.31.0-1-g2c135a008e (webtiles) character file.

Game seed: 3875567813880927160

30 qw the Shooter (level 3, -3/28 HPs)
             Began as a Djinni Hunter on Jan 23, 2024.
             Slain by Natasha (8 damage)
             ... on level 1 of the Dungeon.
             The game lasted 00:00:02 (713 turns).

qw the Shooter (Djinni Hunter)                       Turns: 713, Time: 00:00:03

Health: -3/28      AC:  5    Str: 10    XL:     3   Next: 35%
Gold:   33         EV: 11    Int: 10    God:
                   SH:  0    Dex: 24

rFire   + + .        a - +0 shortbow
rCold   x . .        (shield currently unavailable)
rNeg    . . .        d - +0 ring mail
rPois   inf          (no helmet)
rElec   .            (no cloak)
rCorr   .            (no gloves)
SInv    .            (boots unavailable)
Will    .....        (no amulet)
Stlth   +            g - +6 ring of dexterity
HPRegen 0.24/turn    (no ring)
MPRegen 0.00/turn

%: infuse magic (-4 HP)
@: flying
A: sickness immunity, fire resistance 2, cold vulnerability 1, float, innate
caster, HP casting, extra vitality 1
a: no special abilities


You were on level 1 of the Dungeon.
You visited 1 branch of the dungeon, and saw 2 of its levels.

You collected 33 gold pieces.


Innate Abilities, Weirdness & Mutations

You are immune to sickness and miasma.
You are immune to poison.
Your flesh is very heat resistant. (rF++)
You are vulnerable to cold. (rC-)
You float through the air rather than walking.
You learn spells naturally, not from books.
Your magical power is your life essence.
You have superior vitality. (+4 MHP)


   Skills:
 - Level 2.0 Fighting
 - Level 4.1 Ranged Weapons
 + Level 0.0 Armour
 - Level 2.1 Dodging
 - Level 0.7 Stealth


You knew the following spells:

 Your Spells              Type           Power      Damage    Failure   Level
a - Sandblast             Erth           0%         2d4       69%         1
Your spell library was empty.

Inventory:

Hand Weapons
 a - a +0 shortbow (weapon)
Armour
 d - a +0 ring mail (worn)
Jewellery
 g - a +6 ring of dexterity (left hand)
Potions
 f - a potion of heal wounds {unknown}

Dungeon Overview and Level Annotations

Branches:
Dungeon (2/15)

Altars:

Annotations:
D:1 Natasha


Message History

You start waiting.
You feel yourself speed up.
Done waiting.
Done exploring.
What level of the Dungeon? (default 2, ? - help)
You fly downwards.
Level annotation: Natasha Natasha stares at you and mumbles some strange words.
The magic dart hits you.
There is a stone staircase leading up here.
You shoot an arrow. The arrow barely misses Natasha.
The goblin shouts!
You shoot an arrow. The arrow barely misses Natasha.
705 ||| STAIRDANCE Natasha claws you!
You fly upwards.
There is a stone staircase leading down here.
You shoot an arrow. The arrow hits Natasha!
Natasha is moderately wounded.
Natasha claws you.
You shoot an arrow. The arrow closely misses Natasha.
Natasha completely misses you.
Natasha stares at you and mumbles some strange words.
The magic dart hits you.
You shoot an arrow. The arrow hits Natasha.
Natasha is heavily wounded.
Natasha completely misses you.
You shoot an arrow. The arrow hits Natasha.
Natasha is severely wounded.
Natasha stares at you and mumbles some strange words.
The magic dart hits you.
You shoot an arrow. The arrow closely misses Natasha.
Natasha claws you. Natasha barely misses you.
You shoot an arrow. The arrow hits Natasha.
Natasha is severely wounded.
Natasha claws you.
You shoot an arrow. The arrow closely misses Natasha.
Natasha claws you!
You die...
Natasha curls up and begins to purr.

#.### ##....###..### ##.###..##
#..# #.....###..# #..###..#
...########.....## ##.# ##.#
.................#######.## #.#
.##.######.##.......#.....###.###
.##.#....#.##...................#
.##.#.##.#.##....................
.##.#.#..#.##....h...............
.##.#.#<.#.##...@................
.##.#.####.##....................
.##.#.............>..............
....#######......................
###.................#............
######...##.#...###########)....#
.......#..#..#### ##......######
....)####...|.######........## ##
.........####................# #.


You could see Natasha.

Vanquished Creatures
  An adder (D:2)
  4 ball pythons (D:1)
  A bat (D:1)
  3 endoplasms (D:1)
  A hobgoblin (D:1)
  A frilled lizard (D:1)
  5 goblins
  2 kobolds (D:1)
18 creatures vanquished.

Notes
Turn   | Place    | Note
-------+----------+-------------------------------------------
     0 | D:1      | qw the Djinni Hunter began the quest for the Orb.
     0 | D:1      | Reached XP level 1. HP: 18/18 MP: 0/0
     0 | D:1      | 0 ||| qw: Version: 0.3-a-135-gb77e89d
     0 | D:1      | 0 ||| qw: Game counter: 787
     0 | D:1      | 0 ||| qw: Melee chars always use a shield: true
     0 | D:1      | 0 ||| qw: God list: Okawaru
     0 | D:1      | 0 ||| qw: Allow faded altars: false
     0 | D:1      | 0 ||| qw: Do Orc after clearing Dungeon:15 true
     0 | D:1      | 0 ||| qw: Do second Lair branch before Depths: true
     0 | D:1      | 0 ||| qw: Lair rune preference: random
     0 | D:1      | 0 ||| qw: Goals: Normal
     0 | D:1      | 0 ||| PLANNING D:1-11
    70 | D:1      | Reached XP level 2. HP: 23/23 MP: 0/0
   555 | D:1      | 555 ||| UPGRADING to +0 ring mail.
   565 | D:1      | 565 ||| DROPPING +0 leather armour.
   566 | D:1      | 566 ||| UPGRADING to +6 ring of dexterity.
   567 | D:1      | 567 ||| READING scroll labelled GEICZA MEMASA.
   568 | D:1      | 568 ||| DROPPING scroll of butterflies.
   589 | D:2      | Reached skill level 4 in Ranged Weapons
   589 | D:2      | Reached XP level 3. HP: 28/28 MP: 0/0
   589 | D:2      | Learned a level 1 spell: Sandblast
   591 | D:2      | Noticed Natasha
   593 | D:2      | 593 ||| FLEEEEING.
   594 | D:2      | 594 ||| STAIRDANCE
   705 | D:2      | 705 ||| STAIRDANCE
   712 | D:1      | HP: 5/28 [Natasha (6)]
   713 | D:1      | Slain by Natasha

Levels and vault maps discovered:
D:1:      zelgadis_glass_arrival_small, layout_rooms, kennysheep_pointless_box
D:2:      layout_rooms, uniq_natasha

Skill      XL: |  1  2 |
---------------+-------+-----
Ranged Weapons | 4 |  4.1
Fighting       | |  2.0
Dodging        | |  2.1
Stealth        | |  0.7

Action                     || total
---------------------------++-------
   Fire: Shortbow          ||    49
    Use: Scroll            ||     1
 Armour: Leather armour    ||     4
         Ring mail         ||     9
  Dodge: Dodged            ||     9

Table legend:
 A = Non-vault XP
 B = Vault XP
 C = Vault XP percentage of total XP
 D = Non-vault monster count
 E = Vault monster count
 F = Vault count percentage of total count
                 A         B        C        D         E       F
            +---------+---------+-------+---------+---------+-------
      Total |      43 |       0 |   0.0 |      18 |       0 |   0.0
            +---------+---------+-------+---------+---------+-------
        D:1 |      28 |       0 |   0.0 |      16 |       0 |   0.0
        D:2 |      15 |       0 |   0.0 |       2 |       0 |   0.0
            +---------+---------+-------+---------+---------+-------
